 Dungeon Crawl Stone Soup version 0.28-a0-249-g9004c80361 (webtiles) character file.

Game seed: 8708513185516965173

3479 Colgate the Slinger (level 10, -18/65 HPs)
             Began as a Djinni Wanderer on Aug 26, 2021.
             Was a Believer of Ru.
             Demolished by a cyclops (31 damage)
             ... on level 8 of the Dungeon.
             The game lasted 01:14:43 (11979 turns).

Colgate the Slinger (Djinni Wanderer)              Turns: 11979, Time: 01:14:44

Health: -18/65     AC:  8    Str: 12    XL:     10   Next: 27%
Gold:   327        EV: 10    Int: 15    God:    Ru [**....] SH:  4 Dex: 14

rFire   + + .      SeeInvis .   a - +3 flail
rCold   x . .      Faith    .   d - +0 buckler
rNeg    . . .      Spirit   .   o - +0 ring mail
rPois   ∞          Reflect  .   (no helmet)
rElec   .          Harm     .   i - +0 cloak
rCorr   .          Rampage  .   K - +0 pair of gloves
Will    +....                   (boots unavailable)
Stlth   +.........              (no amulet)
HPRegen 0.20/turn               C - ring of wizardry
MPRegen 0.00/turn               k - +4 ring of slaying

@: flying
A: sickness immunity, fire resistance 2, cold vulnerability 1, inability to use
devices, float, innate caster, hp casting, extra vitality 1
a: Renounce Religion


You were on level 8 of the Dungeon.
You worshipped Ru.
Ru was pleased with you.
You visited 2 branches of the dungeon, and saw 9 of its levels.

You collected 327 gold pieces.

Inventory:

Hand Weapons
 a - a +3 flail (weapon)
 b - a +0 hunting sling
Missiles
 j - 242 stones
 v - 53 sling bullets
 x - 31 poisoned darts
 A - a curare-tipped dart
Armour
 d - a +0 buckler (worn)
 e - a +0 robe
 i - a +0 cloak (worn)
 o - a +0 ring mail (worn)
 w - a +0 scale mail
 K - a +0 pair of gloves (worn)
 L - a +0 chain mail
Magical Staves
 f - a staff of cold
Jewellery
 k - a +4 ring of slaying (right hand)
 t - a ring of resist corrosion
 C - a ring of wizardry (left hand)
Scrolls
 h - 2 scrolls of immolation {unknown}
 m - a scroll of magic mapping
 r - a scroll of fear {unknown}
 s - 5 scrolls of teleportation
 u - a scroll of acquirement {unknown}
 y - a scroll of fog {unknown}
 B - a scroll of blinking {unknown}
 D - a scroll of silence {unknown}
 F - a scroll of noise {unknown}
 I - a scroll of enchant weapon {unknown}
 J - a scroll of enchant armour {unknown}
 M - 2 scrolls of summoning {unknown}
Potions
 c - 3 potions of brilliance
 g - 2 potions of degeneration
 l - 2 potions of heal wounds
 n - a potion of invisibility {unknown}
 p - 2 potions of haste
 q - a potion of ambrosia
 z - a potion of lignification
 E - 2 potions of attraction
 H - a potion of curing


   Skills:
 - Level 2.4 Fighting
 - Level 4.1(4.2) Maces & Flails
 - Level 1.5(3.2) Staves
 + Level 9.4 Slings
 - Level 3.2 Armour
 - Level 1.3 Dodging
 - Level 1.5 Stealth
 - Level 1.0 Shields
 - Level 1.0 Unarmed Combat
 - Level 5.1 Spellcasting


You had 9 spell levels left.
You knew the following spells:

 Your Spells              Type           Power      Damage    Failure   Level
a - Animate Skeleton      Necr           38%        N/A       2%          1
b - Blink                 Tloc           N/A        N/A       4%          2
c - Spider Form           Tmut/Pois      9%         N/A       8%          3
d - Hailstorm             Conj/Ice       19%        3d6       24%         4
Your spell library was empty.

Dungeon Overview and Level Annotations

Branches:
Dungeon (8/15)             Temple (1/1) D:5
   Lair: D:8-11

Altars:
Ashenzari
Cheibriados
Dithmenos
Elyvilon
Fedhas
Gozag
Hepliaklqana
Kikubaaqudgha
Makhleb
Nemelex Xobeh
Okawaru
Qazlal
Ru
Sif Muna
Trog
Uskayaw
Vehumet
Wu Jian
Xom
Yredelemnul
Zin
The Shining One
Beogh

Annotations:
D:4 3 runed translucent doors, vettä, FIQ's ghost, novice DsIE
D:6 vettä


Innate Abilities, Weirdness & Mutations

You are immune to sickness and miasma.
You are immune to poison.
Your flesh is very heat resistant. (rF++)
You are vulnerable to cold. (rC-)
You cannot study or use magical devices.
You float through the air rather than walking.
You learn spells naturally, not from books.
Your magical power is your life essence.
You have superior vitality. (+4 HP)


Message History

Can't find anything matching that.
You have 327 gold pieces.
a - a +3 flail (weapon)
The cyclops throws a large rock.
The large rock barely misses you.
There is a stone staircase leading up here.
You start waiting.
A cyclops is nearby!
There is an open door here.
You start waiting.
A cyclops is nearby!
There is an open door here.
You start waiting.
A cyclops is nearby!
The cyclops hits you!!
You focus your inner power and blind the cyclops in retribution!
There is an open door here.
Okay, then.
You sock the cyclops!
The cyclops is lightly wounded.
You sock the cyclops!
The cyclops is heavily wounded.
The cyclops hits you but does no damage.
You hit the cyclops.
The cyclops is heavily wounded.
The cyclops barely misses you.
You strike the helpless cyclops from behind!
You sock the cyclops!
The cyclops is severely wounded.
The cyclops barely misses you.
You strike the helpless cyclops from behind!
You hit the cyclops.
The cyclops is almost dead.
You hit the cyclops.
The cyclops is almost dead.
The cyclops hits you!!
* * * LOW HITPOINT WARNING * * *
You barely miss the cyclops.
The cyclops is almost dead.
The cyclops hits you!!
You die...

### ...######
........#
........#### .
........##.# ##..(.
........##.#####.#.
..((..
.......C@.>........
######
........##<######.#
####
..............#
...#
.........#.##.#
...#
########.#.##.###.
...# #.#........
...# #......####
####
#####.#........
#........##.###


You could see a cyclops (blind).

Vanquished Creatures
  A two-headed ogre (D:7)
  Menkaure (D:5)
  Duvessa (D:4)
  3 ice beasts
  An orc warrior (D:6)
  A sky beast (D:6)
  2 black bears (D:6)
  A necrophage (D:4)
  An ogre (D:4)
  3 phantoms
  A kobold brigand (D:4)
  3 bullfrogs
  3 scorpions
  A wyvern skeleton (D:7)
  2 water moccasin zombies
  Dowan (D:4)
  4 killer bees (D:8)
  3 howler monkeys
  3 jellies
  A bullfrog skeleton (D:5)
  A centaur skeleton (D:7)
  3 hounds
  Ijyb (D:5)
  Natasha (D:2)
  2 iguanas
  3 orc wizards
  A killer bee zombie (D:7)
  8 gnolls
  6 adders
  2 ufetubi
  3 dart slugs
  12 orcs
  4 ball pythons
  6 bats
  5 endoplasms
  8 giant cockroaches
  8 goblins
  5 hobgoblins
  11 jackals
  3 quokkas
  2 frilled lizards
  3 kobolds
  7 rats
142 creatures vanquished.

Vanquished Creatures (collateral kills)
  An iguana (D:6)
1 creature vanquished.

Vanquished Creatures (others)
  2 vampire mosquitoes (D:6)
  13 plants (D:4)
15 creatures vanquished.

Grand Total: 158 creatures vanquished

Notes
Turn   | Place    | Note
-------+----------+-------------------------------------------
     0 | D:1      | Colgate the Djinni Wanderer began the quest for the Orb.
     0 | D:1      | Reached XP level 1. HP: 15/15 MP: 0/0
   163 | D:1      | Reached XP level 2. HP: 17/21 MP: 0/0
  1225 | D:1      | Reached XP level 3. HP: 25/25 MP: 0/0
  1225 | D:1      | Learned a level 1 spell: Animate Skeleton
  1588 | D:1      | Found a faded altar of an unknown god.
  1593 | D:1      | Became a worshipper of Elyvilon the Healer
  1593 | D:1      | Reached * piety under Elyvilon
  2042 | D:2      | Reached XP level 4. HP: 8/31 MP: 0/0
  2330 | D:2      | Noticed Natasha
  2336 | D:2      | Killed Natasha
  2337 | D:2      | Reached skill level 5 in Spellcasting
  2519 | D:2      | Reached ** piety under Elyvilon
  3104 | D:3      | Reached skill level 1 in Dodging
  3301 | D:3      | Reached XP level 5. HP: 35/35 MP: 0/0
  3301 | D:3      | Learned a level 2 spell: Blink
  3328 | D:3      | Reached *** piety under Elyvilon
  3588 | D:3      | Reached skill level 1 in Staves
  3906 | D:4      | Noticed Dowan
  3982 | D:4      | Noticed Duvessa
  4105 | D:4      | Found a stormy altar of Qazlal.
  4343 | D:4      | Noticed a kobold brigand
  4343 | D:4      | Noticed a necrophage
  4398 | D:4      | Reached skill level 1 in Maces & Flails
  4503 | D:4      | Killed a necrophage
  4504 | D:4      | Reached XP level 6. HP: 40/40 MP: 0/0
  4785 | D:4      | Reached XP level 7. HP: 45/45 MP: 0/0
  4785 | D:4      | Learned a level 3 spell: Spider Form
  4934 | D:4      | Found a runed translucent gate.
  4935 | D:4      | Found a runed translucent gate.
  4943 | D:4      | Found a runed translucent gate.
  4944 | D:4      | Noticed FIQ's ghost (novice DsIE)
  5392 | D:4      | Killed Dowan
  5393 | D:4      | Reached skill level 1 in Slings
  5429 | D:4      | Killed Duvessa
  5430 | D:4      | Reached skill level 2 in Slings
  5636 | D:5      | Entered Level 5 of the Dungeon
  5636 | D:5      | Reached **** piety under Elyvilon
  5656 | D:5      | Reached skill level 1 in Fighting
  6034 | D:5      | Noticed Menkaure
  6043 | D:5      | Killed Menkaure
  6044 | D:5      | Reached skill level 3 in Slings
  6044 | D:5      | Reached XP level 8. HP: 29/52 MP: 0/0
  6318 | D:5      | Noticed Ijyb
  6330 | D:5      | Killed Ijyb
  6331 | D:5      | Reached skill level 4 in Slings
  6730 | D:5      | Found a staircase to the Ecumenical Temple.
  6739 | Temple   | Entered the Ecumenical Temple
  6900 | Temple   | Fell from the grace of Elyvilon
  6900 | Temple   | Became a worshipper of Ru the Awakened
  7522 | D:6      | Reached skill level 5 in Slings
  7599 | D:6      | Reached XP level 9. HP: 41/59 MP: 0/0
  7599 | D:6      | Learned a level 4 spell: Hailstorm
  7803 | D:6      | Reached skill level 6 in Slings
  9169 | D:7      | Reached skill level 7 in Slings
  9431 | D:7      | Gained mutation: You cannot study or use magical devices.
                  | [Ru sacrifice]
  9431 | D:7      | Reached * piety under Ru
  9431 | D:7      | Reached ** piety under Ru
  9471 | D:7      | Noticed a two-headed ogre
  9479 | D:7      | Killed a two-headed ogre
  9480 | D:7      | Reached skill level 8 in Slings
  9480 | D:7      | Reached XP level 10. HP: 19/65 MP: 0/0
 10732 | D:8      | Reached skill level 9 in Slings
 11943 | D:8      | Noticed a cyclops
 11979 | D:8      | Demolished by a cyclops

Illustrated notes

Levels and vault maps discovered:
D:1:      doesnt_arrival_eight_statues, layout_basic,
          ebering_ecumenical_altar_sacrificial
D:2:      layout_basic, basic_altar, chequers_serial_rivers_large_b,
          uniq_natasha
D:3:      layout_basic, minmay_circle_x
D:4:      layout_loops_cross, nicolae_qazlal_scattered_showers, serial_bayou,
          serial_bayou_pond_e, serial_bayou_pond_c, serial_bayou_pond_d,
          serial_bayou_shore_a, biasface_ghost_orc_armoury,
          minmay_divided_ellipse, uniq_duvessa
D:5:      layout_rooms, minmay_temple_entry_enclosed_plants, uniq_menkaure,
          uniq_ijyb
D:6:      layout_basic, st_stairs_13, lemuel_old_faithful
D:7:      layout_basic
D:8:      layout_basic
Temple:   kilobyte_greek_temple

Skill      XL: |  1  2  3  4  5  6  7  8  9 10 |
---------------+-------------------------------+-----
Spellcasting   | 5 |  5.1
Dodging        | 1 |  1.3
Staves         | 1 |  1.5
Maces & Flails | 2 3 4 |  4.1
Slings         | 3 5 8 9 |  9.4
Fighting       | 1 2 |  2.4
Armour         | 2 3 |  3.2
Evocations     | 0 |  0.0
Stealth        | |  1.5
Shields        | |  1.0
Unarmed Combat | |  1.0

Action                   |  1- 3 |  4- 6 |  7- 9 | 10-12 || total
-------------------------+-------+-------+-------+-------++-------
Melee: Falchion          |    68 |       |       |       ||    68
       Quarterstaff      |    28 |    33 |       |       ||    61
       Flail             |       |    15 |    77 |    28 ||   120
       Hunting sling     |       |       |     2 |       ||     2
       Staff             |       |       |       |     1 ||     1
 Fire: Hunting sling     |       |    71 |   154 |    43 ||   268
Throw: Stone             |    12 |    13 |     6 |       ||    31
 Cast: Blink             |       |     5 |    10 |    18 ||    33
       Animate Skeleton  |       |       |     5 |     1 ||     6
       Hailstorm         |       |       |    21 |    17 ||    38
Invok: Sacrifice Artific |       |       |     1 |       ||     1
Evoke: Wand              |       |       |     2 |       ||     2
  Use: Potion            |     2 |       |     1 |       ||     3
       Scroll            |       |     1 |     7 |     2 ||    10
 Stab: Sleeping          |     1 |       |       |       ||     1
       Invisible         |       |       |       |     2 ||     2
Armor: Robe              |    24 |       |       |       ||    24
       Ring mail         |       |    17 |    16 |    16 ||    49
Dodge: Dodged            |    49 |    25 |    40 |    23 ||   137
Block: Buckler           |    13 |     4 |    14 |     9 ||    40
       Rpst.: Falchion   |     6 |       |       |       ||     6

Table legend: (Time is in decaauts)
 A = Elapsed time spent in this place.
 B = Non-inter-level travel time spent in this place.
 C = Inter-level travel time spent in this place.
 D = Time resting spent in this place.
 E = Time spent auto-exploring this place.
 F = Levels seen in this place.
 G = Mean time per level.
                   A        B        C        D        E       F      G
               +--------+--------+--------+--------+--------+-----+--------+
         Total |  12031 |  11473 |    558 |    366 |   8175 |   9 | 1336.8 |
       Dungeon |  11834 |  11339 |    495 |    366 |   8047 |   8 | 1479.2 |
        Temple |    197 |    134 |     63 |      0 |    128 |   1 |  197.0 |
               +--------+--------+--------+--------+--------+-----+--------+

Top non-repeatable levels by time:
     D:4: 2466 daAuts
     D:1: 1926 daAuts
     D:7: 1715 daAuts
     D:6: 1637 daAuts
     D:5: 1114 daAuts
     D:2: 1077 daAuts
     D:8: 961 daAuts
     D:3: 934 daAuts
  Temple: 197 daAuts
